Map: Oxide LE

Players

PureLegacy

  • Race: Terran Terran

Astrea - Winner!

  • Race: Protoss Protoss

Event: DreamHack SC2 Masters 2021 Winter

VOD

Have the link to the VOD?

Description

Time

  • Played on: Oct. 5, 2021, 6:19 p.m.
  • Length: 6:02

All games in this series

Show
View Real Time Build Order
Export as new Build Order

PureLegacy Terran 

Build Orders: Reaper Expand 

Get SALT Encoding   

  12  0:00  SCV  
  13  0:12  SCV  
  14  0:17  Supply Depot  
  14  0:24  SCV  
  15  0:39  SCV  
  15  0:40  Barracks  
  16  0:47  Refinery  
  16  0:51  SCV  
  17  1:03  SCV  
  18  1:16  SCV  
  19  1:30  Reaper, Orbital Command  
  20  1:44  Command Center  
  20  1:49  Supply Depot  
  20  1:56  SCV  
  21  2:02  Marine  
  21  2:08  SCV  
  23  2:18  Bunker  
  23  2:21  Barracks Reactor  
  23  2:24  SCV  
  24  2:34  Barracks  
  24  2:35  Barracks  
  24  2:36  SCV  
  25  2:40  Engineering Bay  
  25  2:48  SCV  
  26  2:58  Marine x2  
  26  3:01  Orbital Command  
  26  3:03  SCV  
  28  3:06  Terran Infantry Weapons Level 1  
  28  3:16  Marine x2  
  30  3:20  SCV  
  31  3:27  Barracks Tech Lab x2  
  31  3:28  SCV  
  31  3:32  SCV  
  31  3:34  Marine x2  
  33  3:37  Supply Depot  
  33  3:41  SCV  
  36  3:44  SCV  
  36  3:46  Marine x2  
  39  3:51  Marine  
  39  3:52  Marine  
  39  3:53  SCV  
  42  3:56  SCV  
  42  3:57  Combat Shield  
  42  3:59  Supply Depot  
  43  4:04  Marine x2  
  43  4:05  SCV  
  43  4:08  SCV  
  43  4:09  Marine x2  
  48  4:15  Missile Turret  
  49  4:17  SCV  
  49  4:18  Missile Turret  
  49  4:21  SCV  
  49  4:22  Marauder x2  
  55  4:26  Supply Depot  
  55  4:30  SCV, Refinery  
  55  4:31  Refinery  
  55  4:33  Marine x2  
  55  4:36  SCV  
  58  4:42  SCV  
  58  4:44  Marauder  
  61  4:48  Marauder, Supply Depot  
  61  4:49  Supply Depot  
  61  4:51  SCV  
  64  4:53  Marine  
  64  4:54  SCV, Marine  
  67  5:02  Factory  
  67  5:03  SCV  
  67  5:06  SCV  
  69  5:10  Marauder x2  
  73  5:14  Supply Depot  
  67  5:31  Marine x2, Barracks  
  67  5:32  Barracks  
  64  5:38  Marauder, Barracks Tech Lab  
  66  5:43  Supply Depot  
  66  5:44  SCV x2  
  66  5:49  Starport, Factory Reactor  
Show
View Real Time Build Order
Export as new Build Order

Astrea Protoss - Winner!

Build Orders: 1 Gate Expand, Blink Stalkers 

Get SALT Encoding   

  12  0:00  Probe  
  13  0:12  Probe  
  14  0:17  Pylon  
  14  0:24  Probe (Chrono Boost)  
  15  0:36  Probe (Chrono Boost)  
  15  0:38  Gateway  
  16  0:44  Probe (Chrono Boost)  
  16  0:46  Assimilator  
  17  0:51  Probe  
  18  1:04  Probe  
  19  1:16  Probe  
  20  1:24  Cybernetics Core  
  22  1:32  Nexus  
  20  1:36  Probe  
  21  1:44  Pylon  
  21  1:48  Probe  
  22  1:54  Assimilator  
  22  2:00  Adept (Chrono Boost), Probe  
  23  2:03  Warp Gate  
  25  2:12  Probe  
  26  2:22  Stalker (Chrono Boost)  
  26  2:24  Probe  
  29  2:34  Twilight Council  
  29  2:37  Probe  
  30  2:46  Probe  
  30  2:49  Probe  
  32  2:56  Gateway  
  32  2:57  Gateway  
  31  3:00  Probe  
  31  3:02  Blink (Chrono Boost)  
  31  3:04  Probe  
  33  3:16  Probe  
  34  3:20  Probe  
  34  3:25  Robotics Facility  
  35  3:30  Probe  
  37  3:34  Probe  
  37  3:36  Pylon  
  37  3:47  Probe x2  
  39  3:51  Stalker  
  39  3:52  Stalker x2  
  45  3:59  Probe  
  47  4:07  Pylon  
  47  4:09  Warp Prism (Chrono Boost)  
  46  4:16  Stalker  
  50  4:17  Stalker  
  50  4:21  Stalker  
  54  4:25  Probe  
  54  4:26  Probe  
  54  4:28  Assimilator  
  56  4:31  Pylon  
  56  4:40  Stalker x2  
  56  4:44  Stalker  
  62  4:50  Probe  
  62  4:51  Probe  
  64  4:53  Pylon  
  64  5:03  Stalker x2  
  64  5:05  Stalker  
  70  5:10  Assimilator  
  70  5:11  Probe  
  67  5:25  Sentry  
  67  5:29  Stalker  
  67  5:30  Stalker, Probe x2  
  73  5:42  Probe x2  
  76  5:53  Nexus  
  76  5:54  Robotics Bay  
  76  5:56  Pylon  

Tags
 
Add a new tag
Caveats
  • Supply blocks, unpowered buildings, or Contaminate may cause inaccurate times.
  • Supply counts are checked every 10 seconds.